 Dungeon Crawl Stone Soup version 0.23-a0-296-ga3b1b28 (webtiles) character file.

98 iamserjio the Sneak (level 4, -1/28 HPs)
             Began as an Octopode Enchanter on Oct 5, 2018.
             Slain by an orc
             ... wielding a +0 falchion
              (4 damage)
             ... on level 4 of the Dungeon.
             The game lasted 00:04:08 (364 turns).

iamserjio the Sneak (Octopode Enchanter)             Turns: 364, Time: 00:04:08

Health: -1/28      AC:  1    Str: 12    XL:     4   Next: 69%
Magic:  1/7        EV: 14    Int: 18    God:
Gold:   0          SH:  0    Dex: 12    Spells: 4/7 levels left

rFire    . . .     SeeInvis .   a - +1 dagger
rCold    . . .     Gourm    .   (no shield)
rNeg     . . .     Faith    .   (helmet restricted)
rPois    .         Spirit   .   (no amulet)
rElec    .         Reflect  .   (no ring)
rCorr    .         Harm     .   (no ring)
MR       .....                  (no ring)
Stlth    ++++......             (no ring)
HPRegen  0.09/turn              (no ring)
MPRegen  0.10/turn              (no ring)
                                (no ring)
                                (no ring)

@: mighty
A: almost no armour, stealthy swim, amphibious, 8 rings, constrict 8, camouflage
1, gelatinous body 1
a: no special abilities


You were on level 4 of the Dungeon.
You were not hungry.

You visited 1 branch of the dungeon, and saw 4 of its levels.

Inventory:

Hand Weapons
 a - a +1 dagger (weapon)
Missiles
 d - 15 poisoned needles
 g - 15 arrows
 l - a throwing net (quivered) {!f}
Wands
 m - a wand of random effects (11)
Scrolls
 i - a scroll of remove curse {unknown}
Potions
 e - a potion of curing {unknown}
 h - a potion of brilliance {unknown}
 j - a potion of mutation {unknown}
 k - a potion of agility {unknown}
Comestibles
 c - a ration
 f - 4 chunks of flesh


   Skills:
 + Level 1.4 Fighting
 - Level 1.0 Short Blades
 + Level 2.7 Dodging
 + Level 4.8 Stealth
 * Level 2.3 Unarmed Combat
 - Level 2.0 Spellcasting
 - Level 3.0 Hexes
 - Level 1.0 Ice Magic


You had 4 spell levels left.
You knew the following spells:

 Your Spells              Type           Power        Failure   Level  Hunger
a - Corona                Hex            ##.....      5%          1    #......
b - Ensorcelled Hibernat  Hex/Ice        #.....       12%         2    ###....

Your spell library contained the following spells:

 Spells                   Type           Power        Failure   Level  Hunger
 Confuse                  Hex            ##......     16%         3    ###....
 Tukima's Dance           Hex            ##......     16%         3    ###....
 Dazzling Spray           Conj/Hex       #.....       28%         3    ###....


Dungeon Overview and Level Annotations

Branches:
Dungeon (4/15)
 Temple: D:4-7

Altars:


Innate Abilities, Weirdness & Mutations

You cannot wear most types of armour.
You are very stealthy in the water. (Stealth+)
You are amphibious.
You can wear up to eight rings at the same time.
You can use your tentacles to constrict eight enemies at once.
Your skin changes colour to match your surroundings (Stealth+).
Your rubbery body absorbs attacks. (AC +1, EV +1)


Message History

Casting: Ensorcelled Hibernation (safe; 12% risk of failure)
Aiming: Ensorcelled Hibernation (safe; 12% risk of failure)
Aim: an orc (chance to defeat MR: 58%)
The orc looks drowsy...
The orc hits you with a falchion.
The helpless orc fails to defend itself.
You impale the orc!!
You kill the orc!
The orc hits you with a falchion!
* * * LOW HITPOINT WARNING * * *
Casting: Ensorcelled Hibernation (safe; 12% risk of failure)
Aiming: Ensorcelled Hibernation (safe; 12% risk of failure)
Aim: an orc, wielding a falchion (heavily wounded, chance to defeat MR: 58%)
The orc resists with significant effort.
The orc barely misses you.
Casting: Ensorcelled Hibernation (safe; 12% risk of failure)
You don't have enough magic to cast that spell.
It was a potion of might.
You feel very mighty all of a sudden. The orc hits you with a falchion.
You die...

#..≈. ######
#..≈.≈.
##....##..≈...≈
##.....#..≈.≈.≈.
#......#.≈...≈..
#......'..≈.≈.≈.
#......'...≈...≈
#.....o)..≈.≈.≈.
#<....@#.≈...≈..
##.....#o.≈.≈.≈.
##....##o.≈...≈
###### #..≈.≈.
#..≈.. #..≈.
#..≈ #..


You could see an orc.

Vanquished Creatures
  Ijyb (D:3)
  3 gnolls (D:2)
  An adder (D:2)
  2 leopard geckos (D:1)
  5 orcs
  A ball python (D:2)
  5 bats
  4 giant cockroaches
  A hobgoblin (D:3)
  2 kobolds (D:2)
25 creatures vanquished.

Notes
Turn   | Place    | Note
-------+----------+-------------------------------------------
     0 | D:1      | iamserjio the Octopode Enchanter began the quest for the
                  | Orb.
     0 | D:1      | Reached XP level 1. HP: 11/11 MP: 3/3
    77 | D:2      | Reached XP level 2. HP: 7/18 MP: 5/5
    81 | D:2      | Learned a level 2 spell: Ensorcelled Hibernation
   120 | D:3      | Reached skill level 1 in Unarmed Combat
   154 | D:2      | Reached XP level 3. HP: 7/22 MP: 3/6
   189 | D:2      | Reached skill level 1 in Fighting
   194 | D:2      | Reached XP level 4. HP: 7/28 MP: 7/7
   206 | D:1      | Reached skill level 1 in Ice Magic
   325 | D:3      | Noticed Ijyb
   334 | D:3      | Killed Ijyb
   364 | D:4      | Slain by an orc

Vault maps used:
D:1:      nicolae_arrival_memento_mori, corner_web_ring
D:2:      okawaru_altar_gauntlet_db, led_sif_pool, minivault_23
D:3:      elyvilon_altar_5, uniq_ijyb
D:4:      ashenzari_altar_1, serial_shops, nicolae_shop_behind_doors,
          cheibrodos_sewer_entry_bend, minmay_misc_feat_doors,
          kennysheep_cluttered_room

Skill      XL: |  1  2  3  4 |
---------------+-------------+-----
Unarmed Combat | 1 2 |  2.3
Fighting       | 1 |  1.4
Ice Magic      | 1 |  1.0
Short Blades   | |  1.0
Dodging        | |  2.7
Stealth        | |  4.8
Spellcasting   | |  2.0
Hexes          | |  3.0

Action                   |  1- 3 |  4- 6 || total
-------------------------+-------+-------++-------
Melee: Dagger            |    34 |    14 ||    48
       Constrict         |    12 |     2 ||    14
       Tentacles         |     6 |     2 ||     8
       Punch             |     1 |       ||     1
 Cast: Ensorcelled Hiber |     1 |     4 ||     5
  Use: Potion            |       |     1 ||     1
 Stab: Sleeping          |     8 |     7 ||    15
Armor: Skin              |     7 |       ||     7
Dodge: Dodged            |    17 |     5 ||    22

Table legend:
 A = Non-vault XP
 B = Vault XP
 C = Vault XP percentage of total XP
 D = Non-vault monster count
 E = Vault monster count
 F = Vault count percentage of total count
                 A         B        C        D         E       F
            +---------+---------+-------+---------+---------+-------
      Total |     102 |      38 |  27.1 |      24 |       1 |   4.0
            +---------+---------+-------+---------+---------+-------
        D:1 |       8 |       0 |   0.0 |       3 |       0 |   0.0
        D:2 |      75 |       0 |   0.0 |      14 |       0 |   0.0
        D:3 |      13 |      38 |  74.5 |       5 |       1 |  16.7
        D:4 |       6 |       0 |   0.0 |       2 |       0 |   0.0
            +---------+---------+-------+---------+---------+-------
